 Dungeon Crawl Stone Soup version 0.31.0-32-g396128a36d (webtiles) character file.

Game seed: 16097869888938345022

390 Alphaeus the Ruffian (level 6, -1/57 HPs)
             Began as a Troll Shapeshifter on Mar 19, 2024.
             Was an Initiate of Dithmenos.
             Slain by a gnoll
             ... wielding a +0 spear
             ... led by a gnoll bouda
              (5 damage)
             ... on level 4 of the Dungeon.
             The game lasted 00:02:00 (2209 turns).

Alphaeus the Ruffian (Troll Shapeshifter)           Turns: 2209, Time: 00:02:01

Health: -1/57      AC:  4    Str: 25    XL:     6   Next: 50%
Magic:  0/5        EV:  9    Int:  6    God:    Dithmenos [......]
Gold:   267        SH:  0    Dex:  9    Spells: 5/5 levels left

rFire   . .          .
                       - Unarmed
rCold   . . .        (no shield)
rNeg    . . .        a - +0 animal skin
rPois   +            (helmet currently unavailable)
rElec   .            (cloak currently unavailable)
rCorr   .            (gloves unavailable)
SInv    .            (boots unavailable)
Will    .....        n - amulet of guardian spirit
Stlth   +            k - ring of poison resistance
HPRegen 1.09/turn    (no ring)
MPRegen 0.09/turn

%: guardian spirit
@: beast-form
A: beast (slay +2), large, unfitting armour, claws 3, regeneration 1, shaggy fur
1, tough skin 1
a: Begin Untransformation, Renounce Religion


You were on level 4 of the Dungeon.
You worshipped Dithmenos.
Dithmenos was noncommittal.
You were a hulking beast.
You visited 1 branch of the dungeon, and saw 4 of its levels.

You collected 267 gold pieces.

Inventory:

Armour
 a - a +0 animal skin (worn)
Jewellery
 k - a ring of poison resistance (left claw)
 n - an amulet of guardian spirit (around neck)
 v - a ring of protection from cold
 w - a ring of fire
Talismans
 c - a beast talisman
 d - a flux talisman
Scrolls
 e - a scroll of fear {unknown}
 g - 3 scrolls of identify {unknown}
 h - a scroll of enchant weapon {unknown}
 i - 2 scrolls of revelation {unknown}
 j - a scroll of fog {unknown}
 m - a scroll of amnesia {unknown}
 p - a scroll of poison {unknown}
 q - a scroll of vulnerability {unknown}
 r - a scroll of silence {unknown}
 u - a scroll of noise {unknown}
Potions
 b - 2 potions of lignification
 l - a potion of mutation {unknown}
 o - a potion of magic {unknown}
 s - 2 potions of curing {unknown}
 t - a potion of invisibility {unknown}


   Skills:
 + Level 2.3 Fighting
 - Level 1.5 Dodging
 + Level 0.9 Stealth
 * Level 5.1 Unarmed Combat
 * Level 4.7 Shapeshifting


You had 5 spell levels left.
You didn't know any spells.
Your spell library was empty.

Dungeon Overview and Level Annotations

Branches:
Dungeon (4/15)
 Temple: D:4-7

Altars:
Dithmenos


Innate Abilities, Weirdness & Mutations

You are a hulking beast.
Your limbs bulge with bestial killing power. (Slay +2)
You are too large for most types of armour.
You have claws for hands.
Your natural rate of healing is unusually fast.
You are covered in fur. (AC +1)
You have tough skin. (AC +1)


Message History

The gnoll bouda is lightly wounded.
An orc comes into view.
It is wielding a +2 morningstar of protection.
The gnoll bouda gazes fiercely through you!
You feel as though you will be weak longer.
The gnoll bouda hits you with a +0 club!
The gnoll hits you from afar with a +0 spear.
The gnoll closely misses you. The gnoll hits you with a +0 spear.
The orc shouts!
You claw the gnoll bouda!
The gnoll bouda is severely wounded.
The gnoll bouda hits you with a +0 club.
The gnoll hits you from afar with a +0 spear.
The gnoll hits you with a +0 flail.
The gnoll hits you from afar with a +0 spear!
The gnoll hits you with a +0 spear.
You claw the gnoll bouda!
You kill the gnoll bouda!
Dithmenos accepts your kill.
The gnoll hits you from afar with a +0 spear.
* * * LOW HITPOINT WARNING * * *
The gnoll hits you but does no damage.
The gnoll hits you from afar with a +0 spear.
* * * LOW HITPOINT WARNING * * *
The gnoll hits you with a +0 spear.
* * * LOW HITPOINT WARNING * * *
The gnoll attacks as it pursues you! The gnoll closely misses you.
The gnoll completely misses you.
The gnoll hits you from afar with a +0 spear.
* * * LOW HITPOINT WARNING * * *
Things that are here:
a +0 club; a +0 robe; a gnoll corpse It was a potion of cancellation.
Your magical effects are unravelling.
You feel magically purged.
Your attacks no longer feel as feeble.
The gnoll barely misses you.
The gnoll hits you from afar with a +0 spear.
* * * LOW HITPOINT WARNING * * *
The gnoll hits you from afar with a +0 spear.
You die...

.. ######## #....
#.##......# #....
#..#......# #...( .
##........# #.... ..
#.........# #.... ...
#?........# #.### ....
#......### ##.# .....
#....#...####..###
......#h................
#.g.g................
#..gg.........>......
............#######.....
...#...o....# #..... ##
#........# ##....
+........# ###..
#....!...# .# ....<###.#


You could see 4 gnolls and an orc.

Vanquished Creatures
  A sky beast (D:4)
  A scorpion (D:2)
  A hound (D:4)
  A bombardier beetle (D:3)
  A gnoll bouda (D:4)
  6 adders
  3 gnolls
  3 dart slugs
  2 ribbon worms
  4 orcs (D:3)
  4 ball pythons
  7 bats
  6 endoplasms
  3 goblins
  5 hobgoblins
  2 jackals (D:3)
  6 kobolds
  2 quokkas
  3 frilled lizards
  5 rats
66 creatures vanquished.

Notes
Turn   | Place    | Note
-------+----------+-------------------------------------------
     0 | D:1      | Alphaeus the Troll Shapeshifter began the quest for the
                  | Orb.
     0 | D:1      | Reached XP level 1. HP: 18/18 MP: 0/0
     0 | D:1      | Noticed a tentacled monstrosity
     1 | D:1      | Noticed a tentacled monstrosity
     5 | D:1      | Noticed a shadow dragon
     5 | D:1      | Noticed a green draconian
     9 | D:1      | Noticed an ice dragon
    10 | D:1      | Noticed an orb of fire
    12 | D:1      | Noticed a shadow dragon
    12 | D:1      | Noticed a tentacled monstrosity
    14 | D:1      | Noticed an orb of fire
    14 | D:1      | Noticed an iron dragon
    16 | D:1      | Noticed an orb of fire
    16 | D:1      | Noticed an iron dragon
    18 | D:1      | Noticed an orb of fire
    18 | D:1      | Noticed a shadow dragon
    20 | D:1      | Noticed a shadow dragon
    20 | D:1      | Noticed an orb of fire
    92 | D:1      | Reached skill level 1 in Fighting
   106 | D:1      | Reached XP level 2. HP: 27/27 MP: 1/1
   416 | D:1      | Reached XP level 3. HP: 33/33 MP: 2/2
   553 | D:2      | Noticed a scorpion
   565 | D:2      | Killed a scorpion
   566 | D:2      | Reached skill level 4 in Unarmed Combat
   566 | D:2      | Reached XP level 4. HP: 23/41 MP: 3/3
   625 | D:2      | Found a shadowy altar of Dithmenos.
   643 | D:2      | Became a worshipper of Dithmenos the Shadowed
   796 | D:2      | Identified the +0 short sword "Dioc" {vamp, Str+3}
   953 | D:2      | Reached XP level 5. HP: 28/49 MP: 4/4
  1862 | D:3      | Found a faded altar of an unknown god.
  2075 | D:4      | Noticed a sky beast
  2091 | D:4      | Killed a sky beast
  2092 | D:4      | Reached skill level 5 in Unarmed Combat
  2092 | D:4      | Reached XP level 6. HP: 30/57 MP: 5/5
  2209 | D:4      | Slain by a gnoll

Illustrated notes

Levels and vault maps discovered:
D:1:      shiori_arrival_whats_in_store_for_you, layout_basic
D:2:      layout_rooms, basic_altar, mrwooster_statue_mirror,
          minmay_misc_feat_columns
D:3:      layout_loops_cross, shapermc_ecumenical_altar_petra
D:4:      layout_basic, amcnicky_mini_rare_corridor_liquid

Skill      XL: |  1  2  3  4  5 |
---------------+----------------+-----
Fighting       | 1 2 |  2.3
Unarmed Combat | 4 5 |  5.1
Shapeshifting  | 4 |  4.7
Dodging        | |  1.5
Stealth        | |  0.9

Action                     |  1- 3 |  4- 6 || total
---------------------------+-------+-------++-------
  Melee: Unarmed           |    63 |   105 ||   168
         Punch             |       |     5 ||     5
    Use: Potion            |       |     1 ||     1
   Stab: Sleeping          |       |     1 ||     1
 Armour: Animal skin       |    51 |    95 ||   146
  Dodge: Dodged            |    33 |    39 ||    72
